Map: Terraform LE (Void)

Players

Tourist

  • Race: Zerg Zerg
  • League: Bronze

SticklerMac - Winner!

  • Race: Zerg Zerg

VOD

Have the link to the VOD?

Description

Time

  • Played on: Aug. 5, 2015, 7:29 p.m.
  • Length: 4:21
Show
View Real Time Build Order
Export as new Build Order

Tourist Zerg 

Build Orders: Hatch First 

Get SALT Encoding   

  12  0:00  Drone  
  13  0:11  Drone  
  14  0:40  Overlord  
  14  0:41  Hatchery  
  13  0:48  Drone  
  14  1:05  Spawning Pool  
  13  1:14  Drone x2  
  15  1:59  Zergling x4  
  15  2:00  Zergling x2  
  18  2:04  Spine Crawler  
  18  2:05  Spine Crawler  
  18  2:08  Spine Crawler  
  15  2:15  Queen  
  17  2:28  Drone x2, Extractor  
  18  2:40  Drone x2  
  18  2:42  Drone  
  21  3:02  Overlord  
  21  3:03  Drone  
  21  3:04  Drone  
  24  3:05  Drone  
  24  3:26  Overlord  
  24  3:33  Zergling x2  
  24  3:34  Zergling x4  
  13  3:57  Zergling x6  
  13  3:58  Zergling x6  
Show
View Real Time Build Order
Export as new Build Order

SticklerMac Zerg - Winner!

Build Orders: Pool Only 

Get SALT Encoding   

  12  0:00  Drone  
  13  0:08  Drone  
  14  0:28  Spawning Pool  
  13  0:30  Drone  
  14  0:36  Extractor  
  14  0:39  Drone  
  14  0:47  Overlord  
  14  1:09  Drone x3  
  17  1:15  Queen  
  19  1:21  Zergling x2  
  20  1:31  Zergling x2  
  20  1:42  Drone  
  21  1:48  Metabolic Boost  
  21  1:53  Zergling x2  
  22  2:04  Overlord  
  21  2:19  Zergling x2  
  22  2:25  Zergling x6  
  22  2:26  Zergling x2  
  22  2:29  Zergling x2  
  27  2:39  Zergling x2  
  28  2:50  Zergling x2  
  29  2:57  Zergling x2  
  30  3:00  Overlord x3  
  30  3:11  Overlord  
  30  3:19  Zergling x2  
  31  3:24  Baneling Nest  
  30  3:27  Zergling x4  
  30  3:28  Zergling x4  
  34  3:39  Zergling x2  
  34  3:48  Zergling x2  
  32  3:58  Zergling x2  
  32  3:59  Zergling x2  
Tags
 
Add a new tag
Caveats
  • Supply blocks, unpowered buildings, or Contaminate may cause inaccurate times.
  • Supply counts are checked every 10 seconds.